 Dungeon Crawl Stone Soup version 0.26-a0-812-g31a745ddcd (webtiles) character file.

Game seed: 3486276028399520706

83 vurker the Sneak (level 4, -3/32 HPs)
             Began as a Gnoll Enchanter on Dec 3, 2020.
             Slain by a worker ant (5 damage)
             ... on level 2 of the Dungeon.
             The game lasted 00:02:58 (3091 turns).

vurker the Sneak (Gnoll Enchanter)                  Turns: 3091, Time: 00:02:59

Health: -3/32      AC:  3    Str: 11    XL:     4   Next: 44%
Magic:  11/11      EV: 12    Int: 18    God:
Gold:   35         SH:  7    Dex: 15    Spells: 12/13 levels left

rFire    . . .     SeeInvis .   k - +1 spear (pain)
rCold    . . .     Faith    .   i - +0 kite shield
rNeg     . . .     Spirit   .   b - +0 robe
rPois    .         Reflect  .   (no helmet)
rElec    .         Harm     .   (no cloak)
rCorr    .         Rampage  .   a - +0 pair of gloves
MR       .....                  (no boots)
Stlth    +++.......             (no amulet)
HPRegen  0.10/turn              (no ring)
MPRegen  0.12/turn              (no ring)

@: lethally poisoned (-3 -> -10)
A: distributed training, fangs 1, strong nose
a: no special abilities


You were on level 2 of the Dungeon.
You visited 1 branch of the dungeon, and saw 2 of its levels.

You collected 35 gold pieces.

Inventory:

Hand Weapons
 k - a +1 spear of pain (weapon)
   (You found it on level 2 of the Dungeon)
Armour
 a - a +0 pair of gloves (worn)
   (You found it on level 2 of the Dungeon)
 b - a +0 robe (worn)
 i - a +0 kite shield (worn)
   (You found it on level 1 of the Dungeon)
Scrolls
 c - 2 scrolls of teleportation {unknown}
 f - a scroll of fear {unknown}
 g - a scroll of magic mapping {unknown}
 l - a scroll of identify {unknown}
Potions
 d - 2 potions of attraction {unknown}
 e - 3 potions of curing {unknown}
 h - 2 potions of heal wounds {unknown}
 j - a potion of haste {unknown}


   Skills:
 + Level 1.1 Fighting
 + Level 2.7 Short Blades
 + Level 1.1 Long Blades
 + Level 1.1 Axes
 + Level 1.1 Maces & Flails
 + Level 1.1 Polearms
 + Level 1.1 Staves
 + Level 1.1 Slings
 + Level 1.1 Bows
 + Level 1.1 Crossbows
 + Level 1.1 Throwing
 + Level 1.1 Armour
 + Level 4.6 Dodging
 + Level 6.0 Stealth
 + Level 1.1 Shields
 + Level 1.1 Unarmed Combat
 + Level 5.1 Spellcasting
 + Level 0.9 Conjurations
 + Level 5.4 Hexes
 + Level 0.9 Summonings
 + Level 0.9 Necromancy
 + Level 0.9 Translocations
 + Level 0.9 Transmutations
 + Level 0.9 Fire Magic
 + Level 0.9 Ice Magic
 + Level 0.9 Air Magic
 + Level 0.9 Earth Magic
 + Level 0.9 Poison Magic
 + Level 1.2 Invocations
 + Level 1.1 Evocations


You had 12 spell levels left.
You knew the following spells:

 Your Spells              Type           Power        Failure   Level
a - Corona                Hex            ###....      9%          1

Your spell library contained the following spells:

 Spells                   Type           Power        Failure   Level
 Confusing Touch          Hex            ###.....     24%         3
 Tukima's Dance           Hex            ###.....     24%         3
 Ensorcelled Hibernation  Hex/Ice        ###...       32%         2
 Dazzling Flash           Conj/Hex       ###...       54%         3


Dungeon Overview and Level Annotations

Branches:
Dungeon (2/15)

Altars:
Ashenzari
Makhleb
Trog
Zin


Innate Abilities, Weirdness & Mutations

Your experience applies equally to all skills.
You have very sharp teeth.
Your uncanny sense of smell can sniff out nearby items.


Message History

No target in view!
No target in view!
You start putting on your armour.
You continue putting on your pair of gloves. x4
You finish putting on your +0 pair of gloves.
There is a stone staircase leading down here.
There is a stone staircase leading up here.
You see here a ring mail.
Found a scroll labelled OLEOFU LUTS.
Found a robe.
l - a scroll labelled OLEOFU LUTS
Found 22 stones.
A worker ant comes into view.
A worker ant is nearby!
A worker ant is nearby!
You see here a robe.
You hit the worker ant. The worker ant bites you. x2
You closely miss the worker ant. You block the worker ant's attack.
You barely miss the worker ant. The worker ant closely misses you.
You closely miss the worker ant. You block the worker ant's attack.
The worker ant misses you.
You completely miss the worker ant. The worker ant bites you.
You are poisoned.
The worker ant poisons you!
You hit the worker ant.
You feel sick. The worker ant barely misses you.
You hit the worker ant.
You feel sick. You block the worker ant's attack. x2
You hit the worker ant.
You feel sick. The worker ant misses you.
You barely miss the worker ant.
You feel sick. The worker ant misses you.
You completely miss the worker ant. You block the worker ant's attack.
You closely miss the worker ant.
You feel sick. You block the worker ant's attack.
The worker ant waves its antennae.
The worker ant misses you.
You hit the worker ant but do no damage.
The worker ant barely misses you.
You hit the worker ant.
You feel sick. You block the worker ant's attack.
The worker ant closely misses you.
You hit the worker ant.
You feel sick. The worker ant bites you!
* * * LOW HITPOINT WARNING * * *
You hit the worker ant but do no damage.
You block the worker ant's attack.
You hit the worker ant.
The worker ant writhes in agony.
The worker ant bites you!
* * * LOW HITPOINT WARNING * * *
You are more poisoned.
The worker ant poisons you! The worker ant barely misses you.
You hit the worker ant.
* * * LOW HITPOINT WARNING * * *
You feel sick. The worker ant bites you.
You die...

##########
###########........#####
......B@..[...####......
.#########.#.## ##..###
...#.# .....#
###.#.#..##..##
..#...... ..#(# ∆∆##.#
....... ###.. #.#
....... #.. #÷# # .....
##.## ##.# # #. #...#
....####..# #


You could see a worker ant.

Vanquished Creatures
  2 adders (D:2)
  An ooze (D:1)
  2 dart slugs
  3 leopard geckos
  3 giant cockroaches
  6 goblins
  7 hobgoblins
  4 jackals (D:2)
  A ball python (D:1)
  7 bats
  4 frilled lizards
  7 kobolds
  4 rats
51 creatures vanquished.

Notes
Turn   | Place    | Note
-------+----------+-------------------------------------------
     0 | D:1      | vurker the Gnoll Enchanter began the quest for the Orb.
     0 | D:1      | Reached XP level 1. HP: 13/13 MP: 6/6
   514 | D:1      | Reached XP level 2. HP: 18/19 MP: 7/7
  1214 | D:1      | Reached XP level 3. HP: 25/25 MP: 9/9
  1221 | D:1      | Reached skill level 5 in Spellcasting
  1273 | D:1      | Reached skill level 6 in Stealth
  1523 | D:1      | Reached skill level 1 in Invocations
  1997 | D:2      | Reached skill level 1 in Fighting
  1997 | D:2      | Reached skill level 1 in Long Blades
  1997 | D:2      | Reached skill level 1 in Axes
  1997 | D:2      | Reached skill level 1 in Maces & Flails
  1997 | D:2      | Reached skill level 1 in Polearms
  1997 | D:2      | Reached skill level 1 in Staves
  1997 | D:2      | Reached skill level 1 in Slings
  1997 | D:2      | Reached skill level 1 in Bows
  1997 | D:2      | Reached skill level 1 in Crossbows
  1997 | D:2      | Reached skill level 1 in Throwing
  1997 | D:2      | Reached skill level 1 in Armour
  1997 | D:2      | Reached skill level 1 in Shields
  1997 | D:2      | Reached skill level 1 in Unarmed Combat
  1997 | D:2      | Reached skill level 1 in Evocations
  2172 | D:2      | Reached XP level 4. HP: 32/32 MP: 11/11
  2197 | D:2      | Found a glowing silver altar of Zin.
  2297 | D:2      | Found a broken altar of Ashenzari.
  2301 | D:2      | Found a bloodstained altar of Trog.
  2306 | D:2      | Found a burning altar of Makhleb.
  3091 | D:2      | Slain by a worker ant

Illustrated notes

Levels and vault maps discovered:
D:1:      psy_arrival_statuary, layout_basic
D:2:      layout_loops_ring, minmay_overflow_temple_star_quad,
          lemuel_coloured_pillars_altar, minmay_close_crescents

Skill      XL: |  1  2  3 |
---------------+----------+-----
Spellcasting   | 5 |  5.1
Stealth        | 6 |  6.0
Invocations    | 1 |  1.2
Fighting       | 1 |  1.1
Long Blades    | 1 |  1.1
Axes           | 1 |  1.1
Maces & Flails | 1 |  1.1
Polearms       | 1 |  1.1
Staves         | 1 |  1.1
Slings         | 1 |  1.1
Bows           | 1 |  1.1
Crossbows      | 1 |  1.1
Throwing       | 1 |  1.1
Armour         | 1 |  1.1
Shields        | 1 |  1.1
Unarmed Combat | 1 |  1.1
Evocations     | 1 |  1.1
Short Blades   | |  2.7
Dodging        | |  4.6
Conjurations   | |  0.9
Hexes          | |  5.4
Summonings     | |  0.9
Necromancy     | |  0.9
Translocations | |  0.9
Transmutations | |  0.9
Fire Magic     | |  0.9
Ice Magic      | |  0.9
Air Magic      | |  0.9
Earth Magic    | |  0.9
Poison Magic   | |  0.9

Action                   |  1- 3 |  4- 6 || total
-------------------------+-------+-------++-------
Melee: Dagger            |   127 |     1 ||   128
       Bite              |     6 |     4 ||    10
       Spear             |       |    66 ||    66
  Use: Scroll            |     1 |       ||     1
 Stab: Sleeping          |    10 |     3 ||    13
Armor: Robe              |    22 |     8 ||    30
Dodge: Dodged            |    47 |    44 ||    91
Block: Kite shield       |    34 |    28 ||    62

Table legend: (Time is in decaauts)
 A = Elapsed time spent in this place.
 B = Non-inter-level travel time spent in this place.
 C = Inter-level travel time spent in this place.
 D = Time resting spent in this place.
 E = Time spent auto-exploring this place.
 F = Levels seen in this place.
 G = Mean time per level.
                   A        B        C        D        E       F      G
               +--------+--------+--------+--------+--------+-----+--------+
         Total |   3090 |   3023 |     67 |      0 |   2628 |   2 | 1545.0 |
       Dungeon |   3090 |   3023 |     67 |      0 |   2628 |   2 | 1545.0 |
               +--------+--------+--------+--------+--------+-----+--------+

Top non-repeatable levels by time:
     D:1: 1853 daAuts
     D:2: 1236 daAuts
